← All builds
Suicide front / Legion / Quick factory / OBSERVED BUILD

Standard suicide front

Legion Suicide front build order · Supreme Isthmus

Quick Bot Lab into Vehicle Plant to project force at middle early with Ballista, Satyr, Decurion and Lance, transitioning into Barrage artillery and an Advanced Metal Extractor as the game develops.

#rush #raid · 55 distinct matches · 26 players · 78% of Legion Suicide front games · team won 59% of 58 · Recently observed

HOW TO PLAY IT

Key timing: Legion Vehicle Plant by 1:01

  1. Take first mex while the bot lab goes down immediately.
  2. Finish the bot lab fast to start producing early bots.
  3. Queue the vehicle plant right after for Ballista and Satyr.
  4. Push Ballista and Barrage to contest middle early.
  5. Transition into an advanced mex once T2 constructor is up.

Phase by phase

TYPICAL OF ITS 55 GAMES
  1. 1
  2. 2
  3. 3
PLAY THE OPENING

Follow the example game's first 6:00 step by step: what to build now, what comes next, and where it goes. At 1× it keeps pace with your own game.

  1. 1

    Up to the Legion Bot Lab

    Economy
    • Metal Extractor2Mex
    Order
    1. Legion Bot LabLegion Bot Lab after 2 mexdone ~0:34, middle half 0:27–0:44

    By 0:18 in all: 2 mex

    The example game in this phase · 3 steps
    1. Mex
    2. Wind
    3. Legion Bot LabLegion Bot Labdone 0:34 · typical 0:34
  2. 2

    Legion Bot Lab to 5:00

    Economy
    • Metal Extractor4Mex
    • Wind Turbine6Wind
    Army
    • Pharos4 Pharos
    Other
    • Radar Tower1 Radar Tower

    Some games also: Legion Construction Bot (47%) · Zagreus (47%) · con turret (43%) · Legion Construction Vehicle (40%) · Barrage (40%)

    By 5:00 in all: 5 mex · 7 wind · 1 con turret

    The example game in this phase · 19 steps
    1. ZagreusZagreus
    2. Legion Construction BotLegion Construction Bot
    3. PharosPharos
    4. GoblinGoblin ×3
    5. Mex
    6. GoblinGoblin
    7. Legion Construction BotLegion Construction Bot
    8. CacophonyCacophony
    9. Mex ×2
    10. CacophonyCacophony
    11. Mex
    12. Wind
    13. AmputatorAmputator
    14. Wind
    15. ZagreusZagreus
    16. Wind ×3
    17. Legion Construction BotLegion Construction Bot ×2
    18. Wind
    19. Radar TowerRadar Tower
  3. 3

    5:00 to 10:00

    Economy
    • Metal Extractor1Mex
    • Wind Turbine11Wind
    Builders
    • Construction Turret1 Con turret

    Some games also: Radar Tower (48%) · Pharos (43%) · energy storage (41%) · Lance (34%) · Zagreus (34%)

    By 10:00 in all: 6 mex · 19 wind · 1 energy storage · 3 con turret

    The example game in this phase · 47 steps
    1. Wind
    2. Dragon's TeethDragon's Teeth ×9for Air
    3. Wind ×3
    4. Energy storage
    5. Con turret ×2
    6. Wind
    7. Metal storage
    8. Advanced Metal ExtractorT2 mexdone 7:00
    9. Wind ×6
    10. Advanced Metal ExtractorT2 mex
    11. Wind ×4
    12. Advanced Metal ExtractorT2 mex
    13. Wind ×4
    14. KarkinosKarkinos
    15. Wind
    16. Advanced Metal ExtractorT2 mex
    17. Legion Construction BotLegion Construction Bot
    18. Con turret
    19. Wind
    20. Pit BullPit Bull
    21. Legion Construction BotLegion Construction Bot
    22. Wind
    23. Con turret
    24. Wind
    25. KarkinosKarkinos
    26. Wind ×3
    27. KarkinosKarkinos
    28. Wind ×2
    29. KarkinosKarkinos
    30. Wind
    31. KarkinosKarkinos
    32. Wind ×2
    33. KarkinosKarkinos
    34. ZagreusZagreus
    35. Wind ×2
    36. ZagreusZagreus
    37. Wind
    38. KarkinosKarkinos
    39. Wind ×13
    40. KarkinosKarkinos
    41. Wind
    42. KarkinosKarkinos ×3
    43. Wind
    44. KarkinosKarkinos ×3
    45. Wind
    46. KarkinosKarkinos ×3
    47. Wind ×7

Counts are medians over the build's games: half of them build more, half fewer. The example game is XXMACGAMERXX's (34 OS, 28/09/2026); pick another.

Team trades

IN AT LEAST 30% OF ITS GAMES

You hand over

Nothing regular.

You get

  • Tidal Generator4 Tidal from Pondfirst at 0:11 · in 52% of games
  • Advanced Construction Bot1 T2 con bot from Geo or Techfirst at 7:31 · in 48% of games

How it plays out

Typical game of this build, running totals by minute

Metal produced

010k20k
0:005:0010:0015:00

metal

Enemy metal destroyed

05k10k
0:005:0010:0015:00

metal

Own metal lost

05k10k
0:005:0010:0015:00

metal

58 games.

Show as table
ByMetal produced: This buildEnemy metal destroyed: This buildOwn metal lost: This build
1:0029100
2:0087900
3:00181617250
4:002790448305
5:0038781092670
6:00489218251130
7:00589328741953
8:00727243202701
9:00847447363265
10:00972553614448
11:001112356284806
12:001315858645595
13:001386663557159
14:001569070087595
15:001756675898181
WHAT THE NUMBERS SAY

This aggressive opening wins more often than the role's other lines, with enemy metal destroyed well above own losses by 15:00.

  • + Enemy metal destroyed (9422) nearly doubles own metal lost (8541) by 15:00.
  • + Team wins 58% of games, strongest result among these roles.
  • − Own metal lost climbs fast early, 770 by 5:00 from committing hard.
THE EXAMPLE YOU ARE READING

XXMACGAMERXX

34.5 OS · 28/09/2026

Open source match ↗

3 received units · includes a constructor
190 metal received · 13664 energy received

Allied construction assistance is unknown. Timings are observations, not a promise of solo reproducibility.

Typical milestones

Legion Bot Lab0:34Middle 50%: 0:27–0:44 · n=34
Legion Vehicle Plant0:40Middle 50%: 0:30–1:01 · n=36

Played most by

XuunnY11games of this build_X_6games of this build[crd]sisa4games of this buildChancho4games of this buildxabre3games of this build